 Dungeon Crawl Stone Soup version 0.21-a0-621-gc60411f (webtiles) character file.

21079 Amnesiac the Martial Artist (level 12, -2/102 HPs)
             Began as a Grey Draconian Transmuter on Dec 23, 2017.
             Was the Champion of Okawaru.
             Slain by an orc warrior
             ... wielding a +0 trident
              (30 damage)
             ... on level 2 of the Orcish Mines.
             The game lasted 00:25:28 (12668 turns).

Amnesiac the Martial Artist (DrTm)                 Turns: 12668, Time: 00:25:29

Health: -2/102     AC: 19    Str: 12    XL:     12   Next: 51%
Magic:  20/23      EV: 23    Int: 13    God:    Okawaru [******]
Gold:   699        SH:  0    Dex: 23    Spells: 12/26 levels left

rFire    . . .     SeeInvis .     - Unarmed
rCold    . . .     Gourm    +   (shield currently unavailable)
rNeg     . . .     Faith    .   (armour unavailable)
rPois    +         Spirit   .   N - +2 hat
rElec    .         Reflect  .   P - +2 cloak {MR+}
rCorr    .         Harm     .   (gloves currently unavailable)
MR       +....                  e - +0 pair of boots
Stlth    +++.......             y - amulet of the gourmand
HPRegen  0.27/turn              d - ring of poison resistance
MPRegen  0.18/turn              s - +4 ring of slaying

@: agile, blade hands
A: walk through water, unfitting armour, unbreathing, cold-blooded, AC +13
a: End Transformation, Heroism, Finesse, Renounce Religion


You were on level 2 of the Orcish Mines.
You worshipped Okawaru.
Okawaru was exalted by your worship.
You were very full.
You had blades for hands.
You visited 3 branches of the dungeon, and saw 12 of its levels.

You collected 973 gold pieces.
You spent 274 gold pieces at shops.

Inventory:

Missiles
 a - 238 arrows
 n - 24 poisoned needles
 z - 4 needles of frenzy
 I - 8 curare-tipped needles
 M - 4 needles of sleeping
Armour
 e - a +0 pair of boots (worn)
 i - a +0 pair of gloves (melded)
 N - a +2 hat (worn)
 P - a +2 cloak of magic resistance (worn)
Jewellery
 d - a ring of poison resistance (left scythe-like blade)
 s - a +4 ring of slaying (right scythe-like blade)
 v - an uncursed ring of resist corrosion
 y - an amulet of the gourmand (around neck)
Wands
 h - a wand of flame (35)
 u - a wand of paralysis (15)
 H - a wand of polymorph (16)
Scrolls
 f - 5 scrolls of remove curse {!r}
 g - a scroll of magic mapping {!r}
 l - 2 scrolls of teleportation {!r}
 q - a scroll of enchant armour {!r}
 w - 2 scrolls of amnesia {!r}
 B - 2 scrolls of fog {!r}
 G - 2 scrolls of silence {!r}
Potions
 j - 3 potions of magic {!q}
 k - 8 potions of curing {!q, unknown}
 m - 2 potions of heal wounds {!q}
 o - 3 potions of mutation {!q}
 p - a potion of might {!q}
 r - 2 potions of ambrosia {!q}
 C - a potion of brilliance {!q}
 E - a potion of cancellation {!q}
 K - 3 potions of flight {!q}
 L - a potion of resistance {!q}
Books
 b - a book of Changes

   Spells                             Type                      Level
   a - Beastly Appendage              Transmutation                1
   b - Sticks to Snakes               Transmutation                2
   c - Spider Form                    Transmutation/Poison         3
   d - Ice Form                       Ice/Transmutation            4
   e - Blade Hands                    Transmutation                5
Comestibles
 c - 12 rations


   Skills:
 + Level 8.3 Fighting
 + Level 7.1 Dodging
 * Level 12.1 Unarmed Combat
 - Level 7.5 Spellcasting
 - Level 10.0 Transmutations
 + Level 6.6 Invocations


You had 12 spell levels left.
You knew the following spells:

 Your Spells              Type           Power        Failure   Level  Hunger
a - Sticks to Snakes      Tmut           ####....     11%         2    #......
c - Ice Form              Ice/Tmut       ###.....     61%         4    ####...
d - Spider Form           Tmut/Pois      ###.......   34%         3    ##.....
e - Blade Hands           Tmut           ####......   36%         5    ######.


Dungeon Overview and Level Annotations

Branches:
Dungeon (9/15)             Temple (1/1) D:5            Lair (0/6) D:9
    Orc (2/2) D:9             Elf (0/3) Orc:2

Altars:
Ashenzari
Dithmenos
Gozag
Hepliaklqana
Kikubaaqudgha
Makhleb
Nemelex Xobeh
Okawaru
Qazlal
Sif Muna
Uskayaw

Shops:
Orc:1 [}%*(   Orc:2 *=([


Innate Abilities, Weirdness & Mutations

You can walk through water.
Your dull iron-grey scales are very hard. (AC +13)
You cannot fit into any form of body armour.
You can survive without breathing.
You are cold-blooded and may be slowed by cold attacks.


Message History

The orc warlord roars a battlecry!
The orc warrior goes into a battle-frenzy!
The orc warlord hits you with a halberd of freezing!!
The orc warlord freezes you.
There is a stone staircase leading up, spattered with blood here.
You see here 3 tomahawks.
You hit the orc warlord.
The orc warlord is lightly wounded.
You slash the orc warlord!
The orc warlord is lightly wounded.
The orc warlord hits you with a halberd of freezing.
The orc warlord freezes you.
You slash the orc warlord!
The orc warlord is moderately wounded.
The orc warlord hits you with a halberd of freezing.
You feel yourself slow down. The orc warlord freezes you.
You slice the orc warlord!!
The orc warlord is heavily wounded.
The orc warlord completely misses you.
You hit the orc warlord but do no damage.
You tail-slap the orc warlord, but do no damage.
The orc warlord is heavily wounded.
You feel yourself speed up. The orc warrior completely misses you.
The orc warrior misses you.
The orc warlord hits you with a halberd of freezing.
The orc warlord freezes you.
You slash the orc warlord!
You tail-slap the orc warlord, but do no damage.
The orc warlord is heavily wounded.
You barely miss the orc warlord.
The orc warlord is heavily wounded.
The orc warrior hits you from afar with a trident!!
* * * LOW HITPOINT WARNING * * *
The orc warlord misses you.
You slash the orc warlord!
You tail-slap the orc warlord, but do no damage.
The orc warlord is severely wounded.
The orc warrior completely misses you.
The orc warlord hits you with a halberd of freezing.
* * * LOW HITPOINT WARNING * * *
The orc warlord freezes you.
* * * LOW HITPOINT WARNING * * *
You slash the orc warlord!
The orc warlord is severely wounded.
You hit the orc warlord.
The orc warlord is severely wounded.
The orc warrior barely misses you.
The orc warlord hits you with a halberd of freezing!
* * * LOW HITPOINT WARNING * * *
The orc warlord freezes you.
* * * LOW HITPOINT WARNING * * *
Unknown command.
You shred the orc warlord!!!
The orc warlord is almost dead.
The orc warrior misses you.
The orc warlord hits you but does no damage.
Unknown command.
You slash the orc warlord!
You kill the orc warlord!
Okawaru is honoured by your kill.
Your Dodging skill increases to level 7!
Your Unarmed Combat skill increases to level 12!
The orc warrior hits you from afar with a trident!!
You die...

.....## #.....P....8.P...
.P.... ##.#.....∩.......
...#.## #....P........P..
..#...## #..P...[........
.##....#### #.........P.....
.)......#.####....P...P.....
...........##...[.o....##...
...)§.....#.....()...###...#
(.....o.####...)@[).......#.
....#..........[[.....##.##
..####.................>.#
...###[........#.#........#
....#...........#........##
....[.)................###
.......................#
......................##
##......#............##


You could see an orc warrior.

Vanquished Creatures
  2 orc warlords
  An ettin (Orc:2)
  4 two-headed ogres
  Nergalle (Orc:1)
  5 orc high priests (Orc:2)
  Pikel (D:5)
  The ghost of Squigly the Blocker, a novice GrFi (D:6)
  3 orc sorcerers
  3 orc knights
  4 trolls
  2 hippogriffs
  Sigmund (D:6)
  2 wyverns (D:8)
  Eustachio (D:6)
  4 wargs
  2 sky beasts
  3 slaves (D:6)
  A black bear (D:7)
  2 ice beasts (D:6)
  23 orc warriors
  3 phantoms
  11 ogres
  5 centaurs
  3 bullfrogs
  Blork the orc (D:6)
  A wyvern zombie (D:9)
  A scorpion (D:6)
  2 centaur zombies
  14 orc priests
  Crazy Yiuf (D:7)
  8 hounds
  2 centaur skeletons
  A bullfrog skeleton (D:4)
  2 worker ants
  Ijyb (D:4)
  13 orc wizards
  A howler monkey zombie (D:6)
  Robin (D:4)
  13 adders
  A shadow imp (D:9)
  3 oozes
  An adder skeleton (D:5)
  4 worms
  A dart slug (D:3)
  3 leopard geckos
  69 orcs
  2 ball pythons
  6 giant cockroaches
  20 goblins
  7 hobgoblins
  28 jackals
  2 quokkas
  5 bats
  7 frilled lizards
  7 kobolds
  A quokka skeleton (D:7)
  12 rats
  A fungus (D:5)
330 creatures vanquished.

Vanquished Creatures (others)
  An orc warrior (Orc:2)
  4 fungi (Orc:2)
5 creatures vanquished.

Grand Total: 335 creatures vanquished

Notes
Turn   | Place    | Note
-------+----------+-------------------------------------------
     0 | D:1      | Amnesiac the Draconian Transmuter began the quest for the Orb.
     0 | D:1      | Reached XP level 1. HP: 16/16 MP: 3/3
   234 | D:1      | Reached XP level 2. HP: 16/23 MP: 3/5
   238 | D:1      | Learned a level 2 spell: Sticks to Snakes
   628 | D:1      | Reached XP level 3. HP: 22/28 MP: 6/6
   657 | D:1      | Learned a level 3 spell: Spider Form
  1234 | D:2      | Found a stormy altar of Qazlal.
  1300 | D:2      | Reached XP level 4. HP: 25/35 MP: 3/7
  2039 | D:2      | Reached skill level 4 in Unarmed Combat
  2244 | D:3      | Reached XP level 5. HP: 40/40 MP: 8/8
  3070 | D:4      | Found a shadowy altar of Dithmenos.
  3122 | D:4      | Noticed an ogre
  3137 | D:4      | Killed an ogre
  3137 | D:4      | Reached skill level 5 in Unarmed Combat
  3137 | D:4      | Reached XP level 6. HP: 47/47 MP: 6/9
  3208 | D:4      | Noticed Robin
  3215 | D:4      | Killed Robin
  3654 | D:4      | Noticed Ijyb
  3739 | D:4      | Paralysed by Ijyb for 6 turns
  3749 | D:4      | Killed Ijyb
  4238 | D:5      | Entered Level 5 of the Dungeon
  4244 | D:5      | Noticed a hippogriff
  4255 | D:5      | Killed a hippogriff
  4255 | D:5      | Reached skill level 6 in Unarmed Combat
  4255 | D:5      | Your scales start taking on a dull iron-grey colour.
  4255 | D:5      | Reached XP level 7. HP: 38/56 MP: 8/11
  4255 | D:5      | Gained mutation: You can survive without breathing. [Grey Draconian growth]
  4342 | D:5      | Found a burning altar of Makhleb.
  4493 | D:5      | Found a shattered altar of Ashenzari.
  4527 | D:5      | Found a hide-covered altar of Uskayaw.
  4719 | D:5      | Reached skill level 5 in Transmutations
  5202 | D:5      | Found a staircase to the Ecumenical Temple.
  5279 | D:5      | Found an ancient bone altar of Kikubaaqudgha.
  5611 | Temple   | Entered the Ecumenical Temple
  5625 | Temple   | Became a worshipper of Warmaster Okawaru
  5660 | D:6      | Noticed Eustachio
  5671 | D:6      | Killed Eustachio
  5877 | D:6      | Noticed Pikel
  5878 | D:6      | Noticed Sigmund
  5912 | D:5      | Killed Pikel
  5912 | D:5      | Reached * piety under Okawaru
  5912 | D:5      | Reached skill level 7 in Unarmed Combat
  5912 | D:5      | Reached skill level 1 in Invocations
  5912 | D:5      | Reached XP level 8. HP: 34/66 MP: 10/13
  6076 | D:6      | Killed Sigmund
  6259 | D:6      | Noticed Blork the orc
  6267 | D:6      | Reached ** piety under Okawaru
  6270 | D:6      | Killed Blork the orc
  6455 | D:6      | Reached skill level 5 in Fighting
  6455 | D:6      | Reached skill level 8 in Unarmed Combat
  6455 | D:6      | Reached XP level 9. HP: 40/74 MP: 11/14
  6577 | D:6      | Noticed Squigly's ghost (novice GrFi)
  6845 | D:6      | Killed Squigly's ghost
  6993 | D:6      | Learned a level 4 spell: Ice Form
  6999 | D:6      | Learned a level 5 spell: Blade Hands
  7011 | D:6      | Found a hazy altar of Hepliaklqana.
  7530 | D:7      | Reached skill level 9 in Unarmed Combat
  7535 | D:7      | Found a sparkling altar of Nemelex Xobeh.
  7576 | D:7      | Reached *** piety under Okawaru
  7908 | D:7      | Reached skill level 5 in Dodging
  8071 | D:7      | Found a runed door.
  8226 | D:7      | Noticed Crazy Yiuf
  8230 | D:7      | Killed Crazy Yiuf
  8284 | D:8      | Reached skill level 5 in Invocations
  8447 | D:8      | Noticed a troll
  8460 | D:8      | Killed a troll
  8460 | D:8      | Reached XP level 10. HP: 49/84 MP: 3/15
  8487 | D:8      | Noticed a two-headed ogre
  8504 | D:8      | Killed a two-headed ogre
  8504 | D:8      | Reached **** piety under Okawaru
  8504 | D:8      | Reached skill level 10 in Unarmed Combat
  9325 | D:9      | Received a gift from Okawaru
  9367 | D:9      | Found a staircase to the Lair.
  9670 | D:9      | Found a staircase to the Orcish Mines.
  9677 | Orc:1    | Entered Level 1 of the Orcish Mines
  9677 | Orc:1    | Found Zaris's Food Shoppe.
  9680 | Orc:1    | Noticed a two-headed ogre
  9699 | Orc:1    | Killed a two-headed ogre
  9699 | Orc:1    | Reached ***** piety under Okawaru
  9821 | Orc:1    | Noticed a two-headed ogre
  9838 | Orc:1    | Killed a two-headed ogre
  9911 | Orc:1    | Noticed Nergalle
  9927 | Orc:1    | Killed Nergalle
  9927 | Orc:1    | Reached skill level 5 in Spellcasting
  9927 | Orc:1    | Reached XP level 11. HP: 92/92 MP: 18/18
  9970 | Orc:1    | Noticed an orc knight
 10004 | Orc:1    | Killed an orc knight
 10016 | Orc:1    | Received a gift from Okawaru
 10126 | Orc:1    | Found Xihiys's Armour Shoppe.
 10127 | Orc:1    | Found Veuxir's Gadget Shoppe.
 10147 | Orc:1    | Bought a +1 cloak of magic resistance for 214 gold pieces
 10201 | Orc:1    | Noticed an ettin
 10373 | Orc:1    | Noticed a two-headed ogre
 10377 | Orc:1    | Noticed an orc sorcerer
 10377 | Orc:1    | Killed a two-headed ogre
 10382 | Orc:1    | Killed an orc sorcerer
 10511 | Orc:1    | Found Sohufal's General Store.
 10516 | Orc:1    | Bought a potion of might for 60 gold pieces
 10611 | Orc:1    | Noticed an orc warlord
 10632 | Orc:1    | Killed an orc warlord
 10637 | Orc:1    | Reached ****** piety under Okawaru
 10991 | Orc:1    | Found Utait's Antique Weapon Shop.
 11182 | Orc:2    | Entered Level 2 of the Orcish Mines
 11182 | Orc:2    | Found a staircase to the Elven Halls.
 11182 | Orc:2    | Found Diuci's Jewellery Boutique.
 11234 | Orc:2    | Noticed an orc sorcerer
 11249 | Orc:2    | Killed an orc sorcerer
 11302 | Orc:2    | Killed an ettin
 11302 | Orc:2    | Received a gift from Okawaru
 11302 | Orc:2    | Reached skill level 11 in Unarmed Combat
 11305 | Orc:2    | Got a pair of twisted boots {god gift}
 11316 | Orc:2    | Identified the +0 pair of boots "Xessebre" {rF- Str+4 Int-5 Dex+7} (Okawaru gifted it to you on level 2 of the Orcish Mines)
 11392 | Orc:2    | Noticed an orc warlord
 11393 | Orc:2    | Noticed an orc high priest
 11394 | Orc:2    | Noticed an orc knight
 11394 | Orc:2    | Noticed an orc high priest
 11417 | Orc:2    | Killed an orc high priest
 11423 | Orc:2    | Noticed an orc sorcerer
 11683 | Orc:1    | Killed an orc knight
 11683 | Orc:1    | Reached XP level 12. HP: 73/100 MP: 18/23
 11785 | Orc:2    | Noticed an orc high priest
 11786 | Orc:2    | Noticed an orc high priest
 11787 | Orc:2    | Found Noxuzetu's Antique Armour Emporium.
 11790 | Orc:2    | Killed an orc high priest
 11858 | Orc:2    | Killed an orc high priest
 11913 | Orc:2    | Noticed an orc high priest
 11922 | Orc:2    | Noticed an orc high priest
 11926 | Orc:2    | Killed an orc high priest
 11926 | Orc:2    | Reached skill level 10 in Transmutations
 11929 | Orc:2    | Killed an orc high priest
 12091 | Orc:2    | Found Zauxtum's Antique Weapon Shoppe.
 12279 | Orc:2    | Found Maf Jush's General Store.
 12668 | Orc:2    | Killed an orc warlord
 12668 | Orc:2    | Reached skill level 12 in Unarmed Combat
 12668 | Orc:2    | Slain by an orc warrior

Vault maps used:
D:1:      tarquinn_simple_flora_water_e
D:2:      nicolae_overflow_crystal_walls
D:3:      first_ration, fountainhead, grunt_ministairs_6
D:4:      kennysheep_goblin_castle, grunt_dithmenos_smoke_and_mirrors,
          corner_web_ring, uniq_ijyb, uniq_robin
D:5:      kennysheep_mini, evilmike_ruin_ashenzari, kiku_gazebo_garden_becter,
          minmay_temple_entry_enclosed_plants, minmay_gold_behind_fungi,
          minivault_11, makhleb_heckhound_becter
D:6:      kb_forest_paths, lemuel_crystal_altar, uniq_pikel, uniq_eustachio,
          uniq_blork_the_orc, uniq_sigmund
D:7:      lemuel_round_altar, uniq_crazy_yiuf_cottage
D:9:      nicolae_overflow_hidden_temple, dpeg_oklobed_lair, hiddenorc1_lemuel
Temple:   nicolae_temple_god_jail
Orc:1:    serial_shops, shop, nicolae_shop_trees, nicolae_shop_stone, shop,
          nicolae_shop_trees, uniq_nergalle
Orc:2:    grunt_orc_gardens, grunt_orc_garden, grunt_orc_garden,
          grunt_orc_garden, grunt_orc_garden, mines1_david

Skill      XL: |  1  2  3  4  5  6  7  8  9 10 11 12 |
---------------+-------------------------------------+-----
Transmutations | 3 4 5 7 9 10 | 10.0
Unarmed Combat | 4 5 6 7 8 9 10 11 12 | 12.1
Fighting       | 2 4 5 6 7 8 |  8.3
Dodging        | 2 3 4 5 6 7 |  7.1
Spellcasting   | 3 5 7 |  7.5
Invocations    | 1 3 5 6 |  6.6

Action                   |  1- 3 |  4- 6 |  7- 9 | 10-12 || total
-------------------------+-------+-------+-------+-------++-------
Melee: Unarmed           |   150 |   219 |   274 |   394 ||  1037
       Headbutt          |    11 |       |       |       ||    11
       Tailslap          |    10 |     7 |     4 |    31 ||    52
       Kick              |     1 |       |       |       ||     1
       Punch             |       |     2 |     3 |    15 ||    20
 Cast: Beastly Appendage |    13 |       |       |       ||    13
       Spider Form       |    12 |    21 |    32 |    16 ||    81
       Blade Hands       |       |       |       |    21 ||    21
Evoke: Wand              |       |       |       |     2 ||     2
  Use: Scroll            |       |       |     7 |    16 ||    23
       Potion            |       |       |     1 |     2 ||     3
 Stab: Sleeping          |     2 |     2 |       |     1 ||     5
       Distracted        |       |       |     1 |       ||     1
       Paralysed         |       |       |       |     4 ||     4
  Eat: Chunk             |     3 |    12 |    22 |    23 ||    60
       Ration            |       |       |     2 |       ||     2
Armor: Skin              |    40 |    41 |    32 |    84 ||   197
Dodge: Dodged            |   114 |   151 |   207 |   229 ||   701

Table legend:
 A = Spawn XP
 B = Non-spawn XP
 C = Spawn XP percentage of total XP
 D = Spawn monster count
 E = Non-spawn monster count
 F = Spawn count percentage of total count
 G = Total turns spent on level
                    A         B        C        D         E        F      G
               +---------+---------+-------+---------+---------+-------+---------
         Total |       0 |   30113 |   0.0 |       0 |     327 |   0.0 | 12668
               +---------+---------+-------+---------+---------+-------+---------
           D:1 |       0 |      72 |   0.0 |       0 |      35 |   0.0 |  1222
           D:2 |       0 |     111 |   0.0 |       0 |      18 |   0.0 |   897
           D:3 |       0 |      82 |   0.0 |       0 |      25 |   0.0 |   960
           D:4 |       0 |     357 |   0.0 |       0 |      38 |   0.0 |  1269
           D:5 |       0 |    1154 |   0.0 |       0 |       9 |   0.0 |  1609
           D:6 |       0 |    2168 |   0.0 |       0 |      28 |   0.0 |  1379
           D:7 |       0 |     995 |   0.0 |       0 |      20 |   0.0 |   925
           D:8 |       0 |    2179 |   0.0 |       0 |      16 |   0.0 |   866
           D:9 |       0 |    1174 |   0.0 |       0 |      36 |   0.0 |   736
         Orc:1 |       0 |    9494 |   0.0 |       0 |      49 |   0.0 |  2066
         Orc:2 |       0 |   12327 |   0.0 |       0 |      53 |   0.0 |   713
               +---------+---------+-------+---------+---------+-------+---------
